 Dungeon Crawl Stone Soup version 0.18.1-8-gdd0e5ea (webtiles) character file.

583 oplop the Sneak (level 7, 28/28 HPs)
             Began as a Vine Stalker Enchanter on May 24, 2016.
             Quit the game on level 5 of the Dungeon.
             The game lasted 00:05:54 (3611 turns).

oplop the Sneak (Vine Stalker Enchanter)            Turns: 3611, Time: 00:05:54

Health: 28/28      AC:  5    Str: 10    XL:     7   Next: 37%
Magic:  14/14      EV: 12    Int: 15    God:
Gold:   111        SH:  0    Dex: 17    Spells: 4 memorised, 6 levels left

rFire  . . .     SeeInvis .     a - +1 dagger
rCold  . . .     Gourm    .     b - +1 robe
rNeg   . . .     Faith    .     (no shield)
rPois  .         Spirit   +     z - +0 helmet
rElec  .         Dismiss  .     s - +0 cloak
rCorr  .         Reflect  .     (no gloves)
SustAt .         Harm     .     (no boots)
MR     .....     Rnd*Rage +     (no amulet)
Stlth  ++++......               (no ring)
                                (no ring)

@: not resistant to hostile enchantments, stealthy
A: fangs 2, berserk 1, blink, blurry vision 1, frail 1, regeneration 2,
screaming 2, magic shield, antimagic bite, no device heal 3, rot immunity
a: Blink


You were on level 5 of the Dungeon.
You were near starving.

You visited 1 branch of the dungeon, and saw 5 of its levels.

You collected 241 gold pieces.
You spent 130 gold pieces at shops.

Inventory:

Hand Weapons
 a - a +1 dagger (weapon)
Missiles
 i - 3 silver javelins (quivered)
Armour
 b - a +1 robe (worn)
 s - a +0 cloak (worn)
 t - a +0 pair of boots
 z - a +0 helmet (worn)
Jewellery
 m - an uncursed ring of positive energy {unknown}
Wands
 A - a wand of iceblast (10/15)
Scrolls
 e - a scroll of fear {unknown}
 h - a scroll of enchant armour {unknown}
 n - a scroll of random uselessness {unknown}
 o - 6 scrolls of identify {unknown}
 r - 2 scrolls of enchant weapon {unknown}
 u - 2 scrolls of teleportation {unknown}
 w - a scroll of remove curse {unknown}
 x - a scroll of magic mapping {unknown}
 y - a scroll of amnesia {unknown}
Potions
 j - 2 potions of invisibility
 l - 3 potions of curing
 p - 2 potions of brilliance
Books
 c - a book of Maledictions

   Spells                             Type                      Level
   a - Corona                         Hexes                        1
   b - Ensorcelled Hibernation        Hexes/Ice                    2
   c - Confuse                        Hexes                        3
   d - Tukima's Dance                 Hexes                        3
   e - Dazzling Spray                 Conjuration/Hexes            3
 q - a book of Minor Magic

   Spells                             Type                      Level
   a - Magic Dart                     Conjuration                  1
   b - Blink                          Translocation                2
   c - Call Imp                       Summoning                    2
   d - Repel Missiles                 Charms/Air                   2
   e - Slow                           Hexes                        2
   f - Conjure Flame                  Conjuration/Fire             3
   g - Mephitic Cloud                 Conjuration/Poison/Air       3
Comestibles
 d - 4 bread rations
 f - a beef jerky
 g - 3 meat rations
 k - 7 fruits


   Skills:
 - Level 0.8 Short Blades
 - Level 1.5 Dodging
 + Level 6.9 Stealth
 + Level 4.5 Spellcasting
 + Level 5.5 Hexes


You had 6 spell levels left.
You knew the following spells:

 Your Spells              Type           Power        Failure   Level  Hunger
a - Corona                Hex            ###....      1%          1    None
b - Ensorcelled Hibernat  Hex/Ice        ##....       12%         2    ##.....
c - Confuse               Hex            ###.....     6%          3    ###....
d - Tukima's Dance        Hex            ###.....     6%          3    ###....


Dungeon Overview and Level Annotations

Branches:
Dungeon (5/15)
 Temple: D:4-7

Altars:
Dithmenos
Elyvilon
Gozag
Makhleb
Nemelex Xobeh
Qazlal
The Shining One

Shops:
D:4 [


Innate Abilities, Weirdness & Mutations

You have extremely sharp teeth.
You heal very quickly.
When hurt, damage is shared between your health and your magic reserves.
Your bite disrupts and absorbs the magic of your enemies.
Potions and wands cannot restore your health.
You are immune to rotting.
You tend to lose your temper in combat.
You can translocate small distances at will.
Scrolls take you a little longer to read.
You are frail (-10% HP).
You sometimes yell uncontrollably at your foes.


Message History

No target in view!
No target in view!
No target in view!
No target in view!
No target in view!
No target in view!
No target in view!
No target in view!
No target in view!
No target in view!
No target in view!
No target in view!
No target in view!
No target in view!
No target in view!
No target in view!
No target in view!
No target in view!
No target in view!
Are you sure you want to abandon this character and quit the game? (Confirm with "yes".)

####.######.............##.######
#.#§§§§#.............##.# #
#.#§§§§#.............##.# #
#.#§§§§#.............##.## ##
#_#§§§§#.............##..####.
###§§§§#.............###.#....
§8§§§§§#.............# #.#....
#.............###......
#.....@§...............
#..............###.....
#..............###.....
#...............##..###
###########.............####...##
........................# #.#.##
........................####.....
........^.................#####.#
.#########.#####.######.......#..


There were no monsters in sight!

Vanquished Creatures
  Grinder (D:4)
  A crimson imp (D:5)
  A hound (D:4)
  An orc priest (D:4)
  An orc wizard (D:4)
  Ijyb (D:3)
  3 worker ants
  5 gnolls
  5 adders
  An ooze (D:2)
  2 worms (D:2)
  A dart slug (D:2)
  3 giant geckos (D:4)
  3 orcs
  8 bats
  4 giant cockroaches
  8 goblins
  3 hobgoblins
  11 jackals
  6 kobolds
  A giant gecko skeleton (D:5)
  A giant newt (D:3)
  7 rats
78 creatures vanquished.

Vanquished Creatures (others)
  An adder (D:5)
1 creature vanquished.

Grand Total: 79 creatures vanquished

Notes
Turn   | Place    | Note
--------------------------------------------------------------
     0 | D:1      | oplop the Vine Stalker Enchanter began the quest for the Orb.
     0 | D:1      | Reached XP level 1. HP: 9/9 MP: 4/4
   110 | D:1      | Reached skill level 4 in Stealth
   126 | D:1      | Reached XP level 2. HP: 9/13 MP: 1/6
   617 | D:2      | Reached XP level 3. HP: 16/16 MP: 7/7
   641 | D:2      | Found a sparkling altar of Nemelex Xobeh.
   641 | D:2      | Found a burning altar of Makhleb.
   642 | D:2      | Found a shadowy altar of Dithmenos.
   737 | D:2      | Found an opulent altar of Gozag.
  1204 | D:2      | Found a white marble altar of Elyvilon.
  1604 | D:3      | Noticed Ijyb
  1612 | D:3      | Killed Ijyb
  1612 | D:3      | Reached skill level 5 in Stealth
  1612 | D:3      | Reached XP level 4. HP: 19/21 MP: 7/9
  1691 | D:3      | Learned a level 2 spell: Ensorcelled Hibernation
  1695 | D:3      | Learned a level 3 spell: Confuse
  1760 | D:3      | Reached XP level 5. HP: 17/24 MP: 0/10
  1899 | D:3      | Found a glowing golden altar of the Shining One.
  2214 | D:4      | Learned a level 3 spell: Tukima's Dance
  2313 | D:4      | Gained mutation: You heal very quickly. [Vine Stalker growth]
  2313 | D:4      | Reached XP level 6. HP: 9/28 MP: 6/12
  2336 | D:4      | Found Higicys's Antique Armour Shoppe.
  2344 | D:4      | Bought a helmet for 130 gold pieces
  2672 | D:4      | Noticed Grinder
  2677 | D:4      | Paralysed by Grinder for 6 turns
  2692 | D:4      | Gained mutation: You tend to lose your temper in combat. [potion of mutation]
  2692 | D:4      | Gained mutation: You are frail (-10% HP). [potion of mutation]
  2692 | D:4      | Gained mutation: You occasionally shout uncontrollably at your foes. [potion of mutation]
  2704 | D:4      | Killed Grinder
  2704 | D:4      | Reached skill level 6 in Stealth
  2704 | D:4      | Reached skill level 5 in Hexes
  2706 | D:4      | Gained mutation: You can translocate small distances at will. [potion of mutation]
  2706 | D:4      | Gained mutation: You sometimes yell uncontrollably at your foes. [potion of mutation]
  2707 | D:4      | Gained mutation: Your spells are a little easier to cast, but a little less powerful. [potion of mutation]
  2707 | D:4      | Lost mutation: Your spells are a little easier to cast, but a little less powerful. [potion of mutation]
  2707 | D:4      | Gained mutation: Scrolls take you a little longer to read. [potion of mutation]
  2738 | D:4      | Reached XP level 7. HP: 28/28 MP: 8/14
  2946 | D:5      | Entered Level 5 of the Dungeon
  3455 | D:5      | Found a stormy altar of Qazlal.
  3611 | D:5      | Quit the game

Skill      XL: |  1  2  3  4  5  6 |
---------------+-------------------+-----
Stealth        | 4 5 6 |  6.9
Spellcasting   | 3 4 |  4.5
Hexes          | 4 5 |  5.5
Short Blades   | |  0.8
Dodging        | |  1.5

Action                   |  1- 3 |  4- 6 |  7- 9 || total
-------------------------+-------+-------+-------++-------
Melee: Dagger            |   139 |    96 |   110 ||   345
       Bite              |    24 |    28 |    24 ||    76
 Cast: Corona            |     1 |       |       ||     1
       Ensorcelled Hiber |       |     7 |     7 ||    14
       Confuse           |       |     6 |     2 ||     8
  Use: Potion            |     1 |     7 |       ||     8
 Stab: Sleeping          |     8 |    13 |     4 ||    25
       Confused          |       |     2 |     2 ||     4
  Eat: Chunk             |     2 |     4 |     2 ||     8
       Fruit             |       |       |     1 ||     1
Armor: Robe              |    39 |    36 |    41 ||   116
Dodge: Dodged            |   101 |    84 |    73 ||   258
